 Dungeon Crawl Stone Soup version 0.18.1-8-gdd0e5ea (webtiles) character file.

4253 Hipnos the Geomancer (level 10, -1/56 HPs)
             Began as a Gargoyle Earth Elementalist on May 30, 2016.
             Was a Believer of Vehumet.
             Slain by a sixfirhy (2 damage)
             ... summoned by an orc sorcerer
             ... in a bailey.
             The game lasted 00:37:40 (8004 turns).

Hipnos the Geomancer (Gargoyle Earth Elementalist)  Turns: 8004, Time: 00:37:40

Health: -1/56      AC: 15    Str: 12    XL:     10   Next: 31%
Magic:  0/29       EV: 21    Int: 26    God:    Vehumet [**....]
Gold:   351        SH:  0    Dex: 15    Spells: 5 memorised, 7 levels left

rFire  + . .     SeeInvis +     s - +2 flail (crush)
rCold  + . .     Gourm    .     K - +0 leather armour
rNeg   + . .     Faith    .     (no shield)
rPois  ∞         Spirit   +     (no helmet)
rElec  +         Dismiss  .     (no cloak)
rCorr  +         Reflect  .     g - +1 pair of gloves
SustAt .         Harm     .     f - +1 pair of boots
MR     .....                    z - amulet of guardian spirit
Stlth  +++.......               H - ring of magical power
                                J - ring of see invisible

@: brilliant, agile, resistant, very slightly contaminated, hasted, very quick,
not resistant to hostile enchantments, fairly stealthy
A: claws 1, repulsion field 1, clever 1, negative energy resistance 1,
electricity resistance, unbreathing, petrification resistance, rot immunity, AC
+7
a: Renounce Religion


You were in a bailey.
You worshipped Vehumet.
Vehumet was pleased with you.
You were very hungry.

You visited 2 branches of the dungeon, and saw 9 of its levels.
You also visited: Bailey.

You collected 417 gold pieces.
You spent 66 gold pieces at shops.

Inventory:

Hand Weapons
 h - a -3 whip
 i - a +0 whip of freezing
 s - a +2 flail of crushing (weapon)
 u - a +2 rapier of protection
Missiles
 B - 102 stones (quivered)
Armour
 a - a +0 robe
 f - a +1 pair of boots (worn)
 g - a +1 pair of gloves (worn)
 k - a +0 pair of boots
 K - a +0 leather armour (worn)
Jewellery
 x - an uncursed ring of ice
 z - an amulet of guardian spirit (around neck)
 D - a cursed amulet of inaccuracy {unknown}
 H - a ring of magical power (right hand)
 J - a ring of see invisible (left hand)
Wands
 r - a wand of enslavement (2/24)
 E - a wand of iceblast (1/15)
Scrolls
 b - 3 scrolls of enchant weapon
 l - a scroll of amnesia {unknown}
 n - 2 scrolls of immolation {unknown}
 o - 2 scrolls of fog
 q - 2 scrolls of noise {unknown}
 t - 4 scrolls of teleportation
 v - 2 scrolls of remove curse
 y - a scroll of blinking {unknown}
 C - a scroll of brand weapon {unknown}
 F - 2 scrolls of random uselessness {unknown}
 L - a scroll of recharging {unknown}
Potions
 e - 2 potions of resistance
 j - a potion of berserk rage
 m - 5 potions of flight
 p - 2 potions of haste
 I - a potion of mutation
 P - a potion of invisibility {unknown}
Books
 c - a book of Geomancy

   Spells                             Type                      Level
   a - Sandblast                      Earth                        1
   b - Passwall                       Transmutation/Earth          2
   c - Stone Arrow                    Conjuration/Earth            3
   d - Petrify                        Transmutation/Earth          4
   e - Lee's Rapid Deconstruction     Earth                        5
Comestibles
 d - 5 bread rations
 A - 10 fruits
 M - a meat ration
 N - a slice of pizza
 Q - 3 chunks of flesh


   Skills:
 + Level 4.0 Fighting
 * Level 6.0 Maces & Flails
 * Level 5.6 Armour
 + Level 5.4 Dodging
 - Level 2.1 Stealth
 + Level 6.8 Spellcasting
 + Level 0.4 Conjurations
 + Level 0.7 Transmutations
 + Level 8.7 Earth Magic


You had 7 spell levels left.
You knew the following spells:

 Your Spells              Type           Power        Failure   Level  Hunger
a - Sandblast             Erth           ######       1%          1    None
b - Passwall              Trmt/Erth      #####.....   1%          2    None
c - Stone Arrow           Conj/Erth      #####.       1%          3    None
d - Lee's Rapid Deconstr  Erth           ######....   1%          5    #####..
e - Petrify               Trmt/Erth      #####...     1%          4    ###....


Dungeon Overview and Level Annotations

Branches:
Dungeon (8/15)             Temple (1/1) D:5
   Lair: D:8-11

Altars:
Ashenzari
Cheibriados
Elyvilon
Fedhas
Gozag
Kikubaaqudgha
Makhleb
Nemelex Xobeh
Okawaru
Pakellas
Qazlal
Ru
Sif Muna
Trog
Vehumet
Xom
Yredelemnul
Zin
The Shining One

Shops:
D:5 (*?

Annotations:
D:8 Britaniac's ghost, novice GrEE


Innate Abilities, Weirdness & Mutations

You are resistant to torment.
Your stone body is resilient (AC +7).
You are immune to poison.
You resist negative energy.
You are resistant to electric shocks.
You can survive without breathing.
You are immune to petrification.
You are immune to rotting.
You have sharp fingernails.
You are surrounded by a mild repulsion field (EV +2).
Your mind is acute. (Int +2)


Message History

Drink which item? (? for menu, Esc to quit)
Okay, then.
Read which item? (? for menu, Esc to quit)
Okay, then.
Drink which item? (? for menu, Esc to quit)
It was a potion of curing.
You feel better.
The sixfirhy hits you but does no damage.
The red devil hits you with a trident!
* * * LOW HITPOINT WARNING * * *
The orc sorcerer gestures wildly while chanting.
Drink which item? (? for menu, Esc to quit)
It was a potion of agility.
You feel agile all of a sudden.
You hear a distant "Zot"!
The red devil misses you. The soul eater barely misses you.
The red devil disappears in a puff of smoke!
The sixfirhy misses you. The sixfirhy hits you.
* * * LOW HITPOINT WARNING * * *
The sixfirhy shocks you. You resist.
You die...

.....)...)#
....)o.)).#
#o#)8.#
#######.....#
#.....#.g§8.#
#.....#3o...#
#..⌠..#..####
+.....'4.#
+.....@..#
#####'.'#####
#.....).....#
###≈≈≈≈)).≈≈≈≈####
≈≈≈≈≈≈≈)..≈≈≈≈≈≈≈≈
≈≈≈≈≈≈≈...≈≈≈≈≈≈≈≈
≈≈≈≈≈≈≈...≈≈≈≈≈≈≈≈
≈≈≈≈≈≈≈...≈≈≈≈≈≈≈≈
≈≈≈≈.........≈≈≈≈≈


You could see a soul eater, a sixfirhy, an orc sorcerer, 2 orc warriors and a
hobgoblin.

Vanquished Creatures
  Pikel (D:7)
  An orc sorcerer (Bailey)
  Prince Ribbit (D:8)
  Grinder (D:3)
  The ghost of Aquadorian the Shield-Bearer, an amateur GrFi of Nemelex Xobeh (D:4)
  Eustachio (D:4)
  3 ice beasts
  5 orc warriors
  4 slaves (D:7)
  A phantom (D:7)
  2 sky beasts
  An ogre (D:8)
  A giant frog (D:7)
  3 scorpions
  5 wights (D:7)
  3 howler monkeys (D:7)
  2 crimson imps
  A giant frog zombie (D:5)
  A quasit (D:7)
  A hound (D:5)
  An orc priest (D:7)
  2 jellies (D:5)
  A giant frog skeleton (D:5)
  Jessica (D:3)
  2 iguanas (D:5)
  5 orc wizards
  9 worker ants
  3 hound zombies
  8 gnolls
  6 adders
  3 shadow imps
  2 oozes (D:1)
  An adder skeleton (D:7)
  2 worms (D:2)
  A dart slug (D:1)
  6 giant geckos
  30 orcs
  9 giant cockroaches
  13 goblins
  16 hobgoblins
  11 kobolds
  4 quokkas
  A ball python (D:4)
  8 bats
  A giant gecko skeleton (D:5)
  A giant newt (D:1)
  A jackal skeleton (D:5)
  A rat (D:2)
188 creatures vanquished.

Vanquished Creatures (others)
  A goblin (Bailey)
1 creature vanquished.

Grand Total: 189 creatures vanquished

Notes
Turn   | Place    | Note
--------------------------------------------------------------
     0 | D:1      | Hipnos the Gargoyle Earth Elementalist began the quest for the Orb.
     0 | D:1      | Reached XP level 1. HP: 10/10 MP: 3/3
    84 | D:1      | Reached XP level 2. HP: 15/15 MP: 1/5
   162 | D:1      | Reached skill level 4 in Earth Magic
   513 | D:1      | Reached XP level 3. HP: 19/19 MP: 4/6
  1072 | D:2      | Gained mutation: You evolve. [potion of mutation]
  1072 | D:2      | Gained mutation: You are surrounded by a mild repulsion field (EV +2). [potion of mutation]
  1072 | D:2      | Gained mutation: You have sharp fingernails. [potion of mutation]
  1145 | D:2      | Found a burning altar of Makhleb.
  1153 | D:2      | Reached XP level 4. HP: 24/24 MP: 0/8
  1399 | D:2      | Reached skill level 5 in Earth Magic
  1400 | D:2      | Reached XP level 5. HP: 28/28 MP: 3/10
  1767 | D:3      | Found a shimmering altar of Xom.
  1770 | D:3      | Found a deep blue altar of Sif Muna.
  1770 | D:3      | Found a snail-covered altar of Cheibriados.
  1773 | D:3      | Noticed Jessica
  1774 | D:3      | Found an oddly glowing altar of Pakellas.
  1786 | D:3      | Killed Jessica
  1861 | D:3      | Reached XP level 6. HP: 33/33 MP: 2/12
  2232 | D:3      | Reached skill level 6 in Earth Magic
  2368 | D:3      | Noticed Grinder
  2373 | D:3      | Paralysed by Grinder for 3 turns
  2379 | D:3      | Paralysed by Grinder for 4 turns
  2396 | D:3      | Killed Grinder
  2396 | D:3      | Reached XP level 7. HP: 15/37 MP: 5/14
  2795 | D:3      | Gained mutation: Your mind is acute. (Int +2) [evolution]
  2795 | D:3      | Lost mutation: You evolve. [end of evolution]
  2806 | D:4      | Found a sacrificial altar of Ru.
  3158 | D:4      | Noticed Eustachio
  3173 | D:4      | Killed Eustachio
  3173 | D:4      | Reached skill level 1 in Fighting
  3173 | D:4      | Reached skill level 5 in Spellcasting
  3173 | D:4      | Reached skill level 7 in Earth Magic
  3390 | D:4      | Noticed Aquadorian's ghost (amateur GrFi)
  3438 | D:5      | Entered Level 5 of the Dungeon
  3470 | D:5      | Found Giptefos's Antique Weapon Boutique.
  3477 | D:5      | Bought a glowing flail for 66 gold pieces
  3481 | D:5      | Learned a level 2 spell: Passwall
  3485 | D:5      | Learned a level 3 spell: Stone Arrow
  3491 | D:5      | Learned a level 5 spell: Lee's Rapid Deconstruction
  3496 | D:5      | Learned a level 4 spell: Petrify
  3544 | D:5      | Reached skill level 1 in Maces & Flails
  3555 | D:5      | Reached XP level 8. HP: 25/43 MP: 1/16
  3825 | D:5      | Found Ucvan's Magic Scroll Boutique.
  3910 | D:5      | Found a staircase to the Ecumenical Temple.
  3921 | Temple   | Entered the Ecumenical Temple
  3930 | Temple   | Became a worshipper of Vehumet
  3950 | D:5      | Found Zydyasay's General Store.
  4883 | D:6      | Found a radiant altar of Vehumet.
  4890 | D:6      | Reached skill level 1 in Armour
  4947 | D:6      | Found an ancient bone altar of Kikubaaqudgha.
  5842 | D:4      | Killed Aquadorian's ghost
  6299 | D:7      | Reached XP level 9. HP: 25/49 MP: 7/18
  6415 | D:7      | Reached * piety under Vehumet
  6415 | D:7      | Offered knowledge of Sting by Vehumet.
  6526 | D:7      | Found a sparkling altar of Nemelex Xobeh.
  6795 | D:7      | Reached skill level 8 in Earth Magic
  6871 | D:7      | Noticed Pikel
  6889 | D:7      | Killed Pikel
  6889 | D:7      | Reached skill level 5 in Dodging
  7241 | D:7      | Reached ** piety under Vehumet
  7241 | D:7      | Offered knowledge of Magic Dart by Vehumet.
  7407 | D:7      | Found a glowing silver altar of Zin.
  7627 | D:8      | Noticed Britaniac's ghost (novice GrEE)
  7650 | D:8      | Noticed Prince Ribbit
  7653 | D:8      | Found a flagged portal.
  7665 | D:8      | Reached skill level 5 in Maces & Flails
  7677 | D:8      | Killed Prince Ribbit
  7677 | D:8      | Reached skill level 5 in Armour
  7677 | D:8      | Reached XP level 10. HP: 32/56 MP: 9/19
  7741 | Bailey   | Entered a bailey
  7982 | Bailey   | Found an iron altar of Okawaru.
  7982 | Bailey   | Noticed an orc sorcerer
  7982 | Bailey   | Noticed an orc sorcerer
  7988 | Bailey   | Noticed a sixfirhy
  7988 | Bailey   | Killed an orc sorcerer
  7998 | Bailey   | HP: 1/56 [sixfirhy[an orc sorcerer] (2)]
  8000 | Bailey   | Noticed a soul eater
  8004 | Bailey   | HP: 1/56 [sixfirhy[an orc sorcerer] (3)]
  8004 | Bailey   | Slain by a sixfirhy

Skill      XL: |  1  2  3  4  5  6  7  8  9 10 |
---------------+-------------------------------+-----
Earth Magic    | 4 5 6 7 8 |  8.7
Dodging        | 2 3 4 5 |  5.4
Spellcasting   | 3 4 5 6 |  6.8
Fighting       | 1 2 3 4 |  4.0
Maces & Flails | 1 3 5 6 |  6.0
Armour         | 2 5 |  5.6
Stealth        | |  2.1
Conjurations   | |  0.4
Transmutations | |  0.7

Action                   |  1- 3 |  4- 6 |  7- 9 | 10-12 || total
-------------------------+-------+-------+-------+-------++-------
Melee: Unarmed           |    21 |       |       |       ||    21
       Flail             |       |       |   374 |    31 ||   405
 Cast: Sandblast         |    46 |   106 |    94 |       ||   246
       Stone Arrow       |       |       |    10 |     3 ||    13
       Lee's Rapid Decon |       |       |    11 |     6 ||    17
  Use: Scroll            |     5 |     1 |     7 |       ||    13
       Potion            |     1 |       |     3 |     5 ||     9
 Stab: Sleeping          |       |       |     1 |       ||     1
  Eat: Chunk             |     1 |     3 |    14 |     3 ||    21
       Meat ration       |       |       |     1 |       ||     1
       Beef jerky        |       |       |     1 |       ||     1
Armor: Robe              |    20 |    13 |    87 |       ||   120
       Leather armour    |       |       |   100 |    13 ||   113
Dodge: Dodged            |    30 |    39 |   368 |    28 ||   465
